Map: El Dorado

Players

liushimin

  • Race: Terran Terran
  • League: Diamond
  • Spawn Location: 5:00

llllllllllll - Winner!

  • Race: Protoss Protoss
  • League: Diamond
  • Spawn Location: 7:00

VOD

Have the link to the VOD?

Description

Time

  • Played on: April 25, 2025, 7:39 a.m.
  • Length: 3:29
Show
View Real Time Build Order
Export as new Build Order

liushimin Terran 

Build Orders: Command Center First 

Get SALT Encoding   

  12  0:01  SCV  
  13  0:13  SCV  
  14  0:17  Supply Depot  
  14  0:25  SCV  
  15  0:39  SCV  
  16  0:51  SCV  
  17  1:03  SCV  
  18  1:10  Command Center  
  18  1:18  Barracks  
  18  1:21  SCV  
  19  1:33  SCV  
  20  1:45  SCV  
  21  1:48  Barracks  
  21  1:50  Refinery  
  21  1:57  SCV  
  22  2:05  Marine  
  22  2:06  Barracks  
  23  2:14  Orbital Command  
  23  2:24  Marine  
  23  2:25  Supply Depot  
  24  2:34  Bunker  
  24  2:37  Marine  
  23  2:51  Marine  
  14  3:17  SCV  
Show
View Real Time Build Order
Export as new Build Order

llllllllllll Protoss - Winner!

Build Orders:  

Get SALT Encoding   

  12  0:02  Probe  
  13  0:14  Probe  
  13  0:18  Pylon  
  14  0:26  Probe  
  15  0:37  Gateway  
  15  0:42  Assimilator  
  15  0:51  Pylon  
  15  1:09  Gateway  
  15  1:15  Gateway  
  15  1:30  Cybernetics Core  
  15  1:35  Probe  
  17  1:47  Probe  
  17  1:55  Stalker x2  
  21  2:21  Stalker x2  
  21  2:28  Probe  
  26  2:48  Stalker  
  28  2:52  Probe  
  29  3:05  Probe  
  28  3:15  Assimilator  
Tags
 
Add a new tag
Caveats
  • Supply blocks, unpowered buildings, or Contaminate may cause inaccurate times.
  • Supply counts are checked every 10 seconds.